 Dungeon Crawl Stone Soup version 0.23.2-40-g277498a001 (webtiles) character file.

Game seed: 5251923225271573827

3901 FishyPogo the Tainter (level 10, -5/84 HPs)
             Began as a Green Draconian Transmuter on Aug 15, 2019.
             Was an Elder of Qazlal.
             Slain by a cyan ugly thing (14 damage)
             ... on level 7 of the Dungeon.
             The game lasted 00:35:05 (9471 turns).

FishyPogo the Tainter (Green Draconian Transmuter)  Turns: 9471, Time: 00:35:06

Health: -5/84      AC:  7    Str: 13    XL:     10   Next: 0%
Magic:  18/18      EV: 12    Int: 15    God:    Qazlal [****..]
Gold:   413        SH:  5    Dex: 13    Spells: 6/19 levels left

rFire    + + .     SeeInvis .   E - +7 great mace "Firestarter" {inner flame, rF++}
rCold    . . .     Gourm    .   (shield currently unavailable)
rNeg     + . .     Faith    .   (armour unavailable)
rPois    +         Spirit   .   (helmet restricted)
rElec    .         Reflect  .   (no cloak)
rCorr    .         Harm     .   (no gloves)
MR       .....                  (no boots)
Stlth    +.........             z - amulet of inaccuracy (curse)
HPRegen  0.24/turn              y - ring of positive energy
MPRegen  0.16/turn              (no ring)

@: appendage, repel missiles
A: breathe noxious fumes, unfitting armour, horns 2, poison resistance,
cold-blooded, AC +7
a: Breathe Noxious Fumes, End Transformation, Upheaval, Elemental Force,
Renounce Religion


You were on level 7 of the Dungeon.
You worshipped Qazlal.
Qazlal was greatly pleased with you.
You were not hungry.
You had grown temporary horns.
You visited 2 branches of the dungeon, and saw 8 of its levels.
You also visited: Ossuary.

You collected 413 gold pieces.

Inventory:

Hand Weapons
 E - the +7 great mace "Firestarter" (weapon) {inner flame, rF++}
   (You took it off a centaur on level 7 of the Dungeon)

   It has been specially enchanted to burn those struck by it, causing extra
   injury to most foes and up to half again as much damage against particularly
   susceptible opponents.
   It greatly protects you from fire.
Missiles
 a - 143 arrows
 e - 261 stones (quivered)
 p - 3 tomahawks
 q - 2 throwing nets
Jewellery
 y - a ring of positive energy (left hand)
 z - a cursed amulet of inaccuracy (around neck)
Wands
 j - a wand of iceblast (9)
Scrolls
 b - 6 scrolls of remove curse
 d - 6 scrolls of identify
 h - 5 scrolls of amnesia {unknown}
 l - 3 scrolls of magic mapping {unknown}
 n - 5 scrolls of enchant weapon {unknown}
 w - a scroll of blinking {unknown}
 x - a scroll of random uselessness {unknown}
 A - 2 scrolls of enchant armour
 B - a scroll of brand weapon {unknown}
Potions
 f - a potion of ambrosia {unknown}
 g - a potion of mutation
 i - 4 potions of flight
 k - a potion of magic
 m - 2 potions of might
 r - 2 potions of lignification
 s - a potion of curing
 t - a potion of brilliance
 u - a potion of agility
 v - a potion of invisibility
 D - a potion of degeneration {unknown}
Comestibles
 c - 13 rations
 C - 2 chunks of flesh


   Skills:
 * Level 6.8 Fighting
 - Level 2.0 Dodging
 * Level 7.0 Unarmed Combat
 + Level 5.3 Spellcasting
 + Level 6.4 Transmutations
 - Level 3.0 Ice Magic
 * Level 8.2 Poison Magic


You had 6 spell levels left.
You knew the following spells:

 Your Spells              Type           Power        Failure   Level  Hunger
d - Beastly Appendage     Tmut           ###...       1%          1    None
e - Spider Form           Tmut/Pois      ####......   2%          3    ###....
f - Ice Form              Ice/Tmut       ###.....     22%         4    ####...
h - Blade Hands           Tmut           ###.......   30%         5    ######.

Your spell library contained the following spells:

 Spells                   Type           Power        Failure   Level  Hunger
 Sticks to Snakes         Tmut           ###.....     1%          2    #......


Dungeon Overview and Level Annotations

Branches:
Dungeon (7/15)             Temple (1/1) D:6

Altars:
Gozag
Hepliaklqana
Makhleb
Nemelex Xobeh
Qazlal
Sif Muna
Trog
Wu Jian
Yredelemnul
The Shining One

Shops:
D:5 (

Annotations:
D:5 2 transporters
D:6 2 transporters, grerr's ghost, novice OpVM


Innate Abilities, Weirdness & Mutations

You can breathe blasts of noxious fumes.
Your lurid green scales are hard. (AC +7)
You cannot fit into any form of body armour.
Your system is resistant to poisons. (rPois)
You are cold-blooded and may be slowed by cold attacks.
You have a pair of horns on your head.


Message History

The cyan ugly thing shocks you!
You miss the cyan ugly thing. You headbutt the cyan ugly thing.
The cyan ugly thing is moderately wounded.
The cyan ugly thing bites you! The cyan ugly thing shocks you!
You hit the cyan ugly thing. You burn the cyan ugly thing.
The cyan ugly thing is moderately wounded.
The cyan ugly thing bites you! The cyan ugly thing shocks you!
* * * LOW HITPOINT WARNING * * *
The cyan ugly thing completely misses you.
You feel much better. The cyan ugly thing bites you!
* * * LOW HITPOINT WARNING * * *
The cyan ugly thing shocks you!
* * * LOW HITPOINT WARNING * * *
Okay, then.
You feel better.
You hear a shout!
The cyan ugly thing bites you!
* * * LOW HITPOINT WARNING * * *
The cyan ugly thing shocks you!
You die...

###########.# ##########..######
...#........#. #......)..##.##...
...#.......##.##.###.###.##.##.#.
...........# #.###.....###.#.##..
...#......## #.##......)###.###.#
...#......# ..##.)#..###.#.###.
...#.....## .##.)#..##.#.#.##.
####.....# #u##...##.#.#.#.##
#....## #@##...###.#.#.### #.#..#
#..##.###.#.#.#.## ###.#.##
#..##.##.#)#.#.#.# #...#.# ####
###.##.##.######## #.##..# #..##
##..##.##........ ##.##.##
#...###...##.##..#.#.#. #..#..#
##...#...##...##...[... #.##.##
##.....###.#.##..#.#.. #.#..#
##...###.#.#.##.....#


You could see a cyan ugly thing (inner flame).

Vanquished Creatures
  A gargoyle (D:7)
  Prince Ribbit (D:6)
  A hippogriff (D:7)
  A water moccasin (D:7)
  Edmund (D:6)
  A sky beast (D:5)
  3 phantoms
  2 black bears (D:7)
  An ogre (D:6)
  A necrophage (D:7)
  2 ice beasts (D:7)
  2 centaurs
  Blork the orc (D:5)
  2 bullfrogs (D:6)
  3 water moccasin zombies (Ossuary)
  3 scorpions
  4 killer bees (D:7)
  6 wights
  A howler monkey (D:7)
  2 crimson imps (D:7)
  A centaur zombie (D:5)
  5 hounds
  A jelly (D:5)
  2 orc priests
  6 iguanas
  Terence (D:2)
  An orc wizard (D:6)
  2 worker ants
  2 big kobold zombies (Ossuary)
  2 hound skeletons
  2 mummies (Ossuary)
  A howler monkey zombie (D:7)
  Robin (D:2)
  11 adders
  8 gnolls
  2 shadow imps (D:7)
  3 oozes
  3 adder skeletons
  5 adder zombies (Ossuary)
  3 worms
  3 dart slugs (D:1)
  8 leopard geckos
  9 orcs
  2 giant cockroaches
  4 gnoll zombies (Ossuary)
  14 goblins
  6 hobgoblins
  5 jackals
  5 quokkas
  6 bats
  7 frilled lizards
  A giant cockroach zombie (D:5)
  11 hobgoblin zombies (Ossuary)
  7 kobolds
  6 kobold zombies (Ossuary)
  5 orc zombies (Ossuary)
  A quokka skeleton (D:7)
  10 rats
211 creatures vanquished.

Notes
Turn   | Place    | Note
-------+----------+-------------------------------------------
     0 | D:1      | FishyPogo the Draconian Transmuter began the quest for the
                  | Orb.
     0 | D:1      | Reached XP level 1. HP: 16/16 MP: 3/3
    74 | D:1      | Reached XP level 2. HP: 12/23 MP: 3/5
   866 | D:2      | Noticed Robin
   872 | D:1      | Reached XP level 3. HP: 28/28 MP: 4/6
   925 | D:2      | Learned a level 3 spell: Spider Form
  1032 | D:2      | Found a stormy altar of Qazlal.
  1039 | D:2      | Became a worshipper of Qazlal Stormbringer
  1562 | D:2      | Reached skill level 1 in Poison Magic
  1584 | D:2      | Reached XP level 4. HP: 22/35 MP: 1/7
  1615 | D:2      | Killed Robin
  1847 | D:1      | Reached skill level 2 in Poison Magic
  2074 | D:2      | Reached XP level 5. HP: 40/40 MP: 5/9
  2266 | D:2      | Noticed Terence
  2275 | D:2      | Killed Terence
  2515 | D:3      | Learned a level 4 spell: Ice Form
  2562 | D:3      | Reached * piety under Qazlal
  2753 | D:3      | HP: 2/40 [poisoned by an adder]
  2758 | D:3      | HP: 1/40 [poisoned by an adder]
  3106 | D:3      | Reached skill level 1 in Ice Magic
  3106 | D:3      | Reached XP level 6. HP: 46/47 MP: 10/10
  3153 | D:3      | Found an opulent altar of Gozag.
  3203 | D:3      | Found a sparkling altar of Nemelex Xobeh.
  3696 | D:4      | Reached skill level 3 in Poison Magic
  4075 | D:4      | Found a deep blue altar of Sif Muna.
  4515 | D:5      | Entered Level 5 of the Dungeon
  4515 | D:5      | Found a transporter.
  4524 | D:5      | Reached ** piety under Qazlal
  4533 | D:5      | Noticed Blork the orc
  4549 | D:5      | Killed Blork the orc
  4549 | D:5      | Your scales start taking on a lurid green colour.
  4549 | D:5      | Reached XP level 7. HP: 39/52 MP: 9/12
  4549 | D:5      | Gained mutation: Your system is resistant to poisons.
                  | (rPois) [Green Draconian growth]
  4583 | D:5      | Found a transporter.
  4832 | D:5      | Reached skill level 4 in Poison Magic
  5067 | D:5      | Reached skill level 5 in Transmutations
  5502 | D:5      | Reached XP level 8. HP: 58/63 MP: 12/14
  5547 | D:5      | Found Eteselas's Antique Weapon Shoppe.
  5870 | D:6      | Found a sand-covered staircase.
  5872 | D:6      | Found a staircase to the Ecumenical Temple.
  5877 | Ossuary  | Entered an ossuary
  5937 | Ossuary  | Reached skill level 5 in Poison Magic
  6090 | Ossuary  | Reached *** piety under Qazlal
  6454 | D:6      | HP: 4/99 [wight/+0 halberd (4)]
  6614 | D:6      | Reached skill level 5 in Unarmed Combat
  6614 | D:6      | Noticed Prince Ribbit
  6622 | Temple   | Entered the Ecumenical Temple
  6889 | D:6      | Killed Prince Ribbit
  6889 | D:6      | Reached skill level 6 in Poison Magic
  7149 | D:6      | Reached skill level 5 in Fighting
  7424 | D:6      | Reached XP level 9. HP: 58/74 MP: 11/15
  7446 | D:6      | Found a transporter.
  7454 | D:6      | Noticed grerr's ghost (novice OpVM)
  7463 | D:6      | Found a transporter.
  7619 | D:6      | Noticed Edmund
  7633 | D:6      | Killed Edmund
  8284 | D:6      | Learned a level 5 spell: Blade Hands
  8338 | D:7      | Reached skill level 7 in Poison Magic
  8376 | D:7      | Reached skill level 5 in Spellcasting
  8598 | D:7      | Found a glowing golden altar of the Shining One.
  8644 | D:7      | Found a bloodstained altar of Trog.
  8678 | D:7      | Found a hazy altar of Hepliaklqana.
  8678 | D:7      | Found a basalt altar of Yredelemnul.
  8813 | D:7      | Reached **** piety under Qazlal
  8828 | D:7      | Reached skill level 8 in Poison Magic
  9105 | D:7      | Noticed a gargoyle
  9283 | D:7      | Found a burning altar of Makhleb.
  9384 | D:7      | Killed a gargoyle
  9384 | D:7      | Reached XP level 10. HP: 72/84 MP: 9/18
  9462 | D:7      | Noticed a cyan ugly thing
  9471 | D:7      | Slain by a cyan ugly thing

Skill      XL: |  1  2  3  4  5  6  7  8  9 |
---------------+----------------------------+-----
Dodging        | 2 |  2.0
Transmutations | 3 4 5 6 |  6.4
Poison Magic   | 1 2 3 4 6 8 |  8.2
Spellcasting   | 3 4 5 |  5.3
Ice Magic      | 1 2 3 |  3.0
Fighting       | 3 5 6 |  6.8
Unarmed Combat | 4 5 7 |  7.0

Action                   |  1- 3 |  4- 6 |  7- 9 | 10-12 || total
-------------------------+-------+-------+-------+-------++-------
Melee: Unarmed           |   113 |   224 |   461 |     7 ||   805
       Kick              |    11 |    13 |    36 |       ||    60
       Headbutt          |     9 |     6 |    12 |     1 ||    28
       Punch             |     3 |     2 |    11 |       ||    16
       Tailslap          |    13 |    11 |    46 |     1 ||    71
       Great mace        |       |       |       |     3 ||     3
Throw: Stone             |    10 |     6 |    26 |       ||    42
 Cast: Beastly Appendage |    18 |    19 |    21 |     1 ||    59
       Spider Form       |     2 |    11 |    16 |       ||    29
       Ice Form          |       |       |     4 |       ||     4
Invok: Upheaval          |       |       |     3 |       ||     3
 Abil: End Transformatio |       |     1 |     2 |       ||     3
       Breathe Noxious F |       |       |     7 |       ||     7
  Use: Potion            |       |     3 |     4 |     2 ||     9
       Scroll            |       |       |     9 |       ||     9
 Stab: Sleeping          |     1 |       |       |       ||     1
  Eat: Chunk             |     3 |    10 |    10 |     1 ||    24
       Ration            |       |       |     3 |       ||     3
Armor: Skin              |    30 |    32 |   106 |     3 ||   171
Dodge: Dodged            |    66 |   137 |   297 |     3 ||   503
Block: Other             |       |     8 |    50 |       ||    58
